 Dungeon Crawl Stone Soup version 0.28.0 (webtiles) character file.

Game seed: 11645102069214340960

1376 AmazingTV the Covered (level 8, -4/71 HPs)
             Began as a Minotaur Fighter on July 1, 2022.
             Slain by an orc warrior (19 damage)
             ... on level 6 of the Dungeon.
             The game lasted 00:14:16 (5311 turns).

AmazingTV the Covered (Minotaur Fighter)            Turns: 5311, Time: 00:14:16

Health: -4/71      AC:  5    Str: 23    XL:     8   Next: 39%
Magic:  7/7        EV: 10    Int:  5    God:
Gold:   247        SH:  0    Dex: 10    Spells: 7/7 levels left

rFire   . . .      SeeInvis .   a - +0 flail {mace}
rCold   . . .      Faith    .   c - +0 buckler
rNeg    . . .      Spirit   .   y - +0 troll leather armour {Pargi}
rPois   .          Reflect  .   (helmet restricted)
rElec   .          Harm     .   (no cloak)
rCorr   .          Rampage  .   (no gloves)
Will    .....                   (no boots)
Stlth   ..........              m - amulet of regeneration
HPRegen 1.81/turn               (no ring)
MPRegen 0.10/turn               (no ring)

@: confused
A: horns 2, retaliatory headbutt
a: no special abilities


You were on level 6 of the Dungeon.
You visited 1 branch of the dungeon, and saw 6 of its levels.
You also visited: Sewer.

You collected 247 gold pieces.


Innate Abilities, Weirdness & Mutations

You have a pair of horns on your head.
You reflexively headbutt those who attack you in melee.


   Skills:
 + Level 6.6 Fighting
 + Level 5.3(6.6) Axes
 + Level 6.0(6.9) Maces & Flails
 + Level 6.6 Armour
 + Level 6.6 Shields


You had 7 spell levels left.
You didn't know any spells.
Your spell library was empty.

Inventory:

Hand Weapons
 a - a +0 flail (weapon) {mace}
 o - a +5 dagger of flaming {short}
   (You found it on level 3 of the Dungeon)
 p - a +2 rapier of protection {short}
   (You found it on level 3 of the Dungeon)
 q - a +0 hand axe {axe}
   (You took it off an orc on level 3 of the Dungeon)
Missiles
 e - 14 poisoned darts (quivered)
 g - 104 arrows
 i - 279 stones
 j - 5 curare-tipped darts {=f}
 E - 3 boomerangs
Armour
 b - a +0 scale mail
 c - a +0 buckler (worn)
 y - a +0 troll leather armour (worn) {Pargi}
   (You found it in a sewer)
Jewellery
 h - a ring of wizardry
   (You found it on level 2 of the Dungeon)
 m - an amulet of regeneration (around neck)
   (You took it off a kobold on level 2 of the Dungeon)
 s - a ring of ice
   (You found it on level 3 of the Dungeon)
Wands
 I - a wand of flame (25)
   (You found it on level 6 of the Dungeon)
Scrolls
 f - 3 scrolls of blinking {unknown}
 n - 2 scrolls of identify {@r1}
 r - 2 scrolls of enchant weapon {unknown}
 t - a scroll of fear {unknown}
 u - a scroll of immolation {unknown}
 w - a scroll of enchant armour {unknown}
 x - 2 scrolls of brand weapon {unknown}
 C - a scroll of teleportation {unknown}
 G - a scroll of noise {unknown}
 H - a scroll of torment {unknown}
Potions
 d - 3 potions of might
 k - 2 potions of curing {@q1}
 l - 2 potions of lignification {!q}
 v - a potion of resistance
 z - a potion of invisibility {unknown}
 A - a potion of cancellation {unknown}
 B - a potion of magic {unknown}
 D - a potion of experience {unknown}
 F - 2 potions of heal wounds {unknown}

Dungeon Overview and Level Annotations

Branches:
Dungeon (6/15)              Sewer (visited)
 Temple: D:4-7

Altars:
Cheibriados
Dithmenos
Hepliaklqana

Shops:
D:2 ( D:5

[ #. ###.####.#########
##.................#
#..#.#.#.#.........#
.##............).....#
....#.#.#.#.........#
#..........(.......#
#.#.#.#.#o........#
#.......@.........####
#.#.#.#.#)............
#...........).....##
#####..#####[#####'#...####..
........................o<....
........................†......
#.##....########.#######.####.##.
........ #.# #........# .......
##'### #........#


You could see an orc warrior.


Message History

Reactivating autopickup.
There is a stone staircase leading down here. 😮 HP[+4]
You regained 4 hp, and now have 41/71 hp.
You start resting.
You feel less confused. 😎 HP[+30]
Your hp is fully restored (71).
There is a stone staircase leading down here.
You climb downwards.
The orc shouts!
There is a stone staircase leading up here.
You thump the orc!
You kill the orc!
You now have 227 gold pieces (gained 15).
You see here a +0 dagger {short}.
An iguana comes into view.
The iguana hisses angrily.
The iguana bites you. 😕 HP[-4]
You take 4 damage, and now have 67/71 hp.
You thump the iguana! The iguana bites you! 😕 HP[-6]
You take 6 damage, and now have 61/71 hp.
You barely miss the iguana. You headbutt the iguana!
The iguana barely misses you. 😕 HP[+2]
You regained 2 hp, and now have 63/71 hp.
You thump the iguana!
You kill the iguana!
Your Maces & Flails skill increases to level 6! 😕 HP[+2]
You regained 2 hp, and now have 65/71 hp.
No target in view!
g - 104 arrows (gained 13)
You see here an iguana corpse. 😎 HP[+6]
Your hp is fully restored (71).
i - 257 stones (gained 23)
H - a scroll labelled BUUCRI JESYBBUSIM
F - 2 silvery potions (gained 1)
You now have 235 gold pieces (gained 8).
You open the door.
There is an open door here.
I - a wand of flame (25) No target in view!
You now have 247 gold pieces (gained 12).
i - 279 stones (gained 22)
An orc warrior is nearby!
The orc wizard shouts!
You sock the orc warrior! The orc wizard casts a spell at you.
You are confused.
You barely miss the orc warrior. The orc warrior closely misses you.
The orc wizard points at you and mumbles some strange words.
You are more confused.
You miss the orc warrior.
The orc warrior hits you with a +0 war axe!!
The orc wizard casts a spell at you. The magic dart hits you! 😮 HP[-31]
You take 31 damage, and now have 40/71 hp.
MASSIVE DAMAGE!! (PAUSE) 😮 HP[+2]
You regained 2 hp, and now have 42/71 hp.
You closely miss the orc warrior.
The orc warrior hits you with a +0 war axe.
You bump into the translucent rock wall.
The orc warrior closely misses you.
The orc wizard hits you with a +0 dagger. 😮 HP[+1]
You sock the orc wizard! Your headbutt misses the orc wizard.
The orc warrior hits you with a +0 war axe.
The orc wizard hits you but does no damage.
The orc warrior hits you with a +0 war axe!
* * * LOW HITPOINT WARNING * * *
😨 HP[-15]
You take 15 damage, and now have 28/71 hp.
MASSIVE DAMAGE!! (PAUSE)
You bump into the translucent rock wall.
The orc wizard points at you and mumbles some strange words.
You resist with some effort.
The orc warrior hits you with a +0 war axe!
* * * LOW HITPOINT WARNING * * *
😨 HP[-9]
You take 9 damage, and now have 19/71 hp.
You bump into the translucent rock wall.
The orc wizard gestures wildly while chanting.
The orc wizard flickers and vanishes!
Deactivating autopickup; reactivate with Ctrl-A.
The orc warrior hits you with a +0 war axe!
* * * LOW HITPOINT WARNING * * *
😱 HP[-6]
You take 6 damage, and now have 13/71 hp.
You bump into the translucent rock wall.
Something hits you.
* * * LOW HITPOINT WARNING * * *
The orc warrior barely misses you.
The orc warrior hits you with a +0 war axe!!
You die...

Skill      XL: |  1  2  3  4  5  6  7  8 |
---------------+-------------------------+-----
Axes           | 1 2 3 4 5 |  5.3
Shields        | 4 5 6 |  6.6
Fighting       | 4 5 6 |  6.6
Armour         | 4 5 6 |  6.6
Maces & Flails | 3 4 5 6 |  6.0

Action                   |  1- 3 |  4- 6 |  7- 9 || total
-------------------------+-------+-------+-------++-------
Melee: Flail             |    94 |   138 |   165 ||   397
       Headbutt          |    10 |    21 |    31 ||    62
Throw: Dart              |       |     6 |     1 ||     7
  Use: Scroll            |       |       |     2 ||     2
Armor: Scale mail        |    59 |    65 |    48 ||   172
       Troll leather arm |       |       |    16 ||    16
Dodge: Dodged            |    54 |    50 |    76 ||   180
Block: Buckler           |    19 |    41 |    45 ||   105

Levels and vault maps discovered:
D:1:      dpeg_arrival_short_road, layout_loops_ring, nrook_mini_backslash
D:2:      wander_river, layout_basic, hellmonk_ecumenical_altar_run_dry,
          serial_shops, nicolae_square_shop, uniq_sigmund, uniq_robin,
          uniq_natasha
D:3:      layout_rooms, chei_slow_surprise, mainiacjoe_overflow_surrounded_room,
          nzn_hepliaklqana_mist_gate, item_on_display_a
D:4:      layout_cave_pools
D:5:      layout_basic, cheibrodos_sewer_entry_sluice, serial_shops,
          nicolae_shop_behind_doors
D:6:      layout_basic, mainiacjoe_overflow_cross_hatched, serial_glass,
          glass_columns_a, glass_columns_c, item_on_display_a, feat_on_display,
          st_stairs_8, uniq_edmund

Notes
Turn   | Place    | Note
-------+----------+-------------------------------------------
     0 | D:1      | AmazingTV the Minotaur Fighter began the quest for the Orb.
     0 | D:1      | Reached XP level 1. HP: 19/19 MP: 0/0
     0 | D:1      | magus.rc [v1.9.6]
   105 | D:1      | HP: 3/20 [kobold (3)]
   380 | D:1      | You fall into a shaft and drop 1 floor!
   380 | D:2      | Found Ver Qumopn's Antique Weapon Boutique.
   386 | D:2      | Reached XP level 2. HP: 26/27 MP: 1/1
   438 | D:2      | Reached skill level 1 in Axes
   605 | D:2      | Reached skill level 4 in Shields
   605 | D:2      | Noticed Robin
   609 | D:2      | Reached XP level 3. HP: 33/33 MP: 2/2
   610 | D:2      | Reached skill level 4 in Fighting
   610 | D:2      | Reached skill level 4 in Armour
   664 | D:2      | Killed Robin
   665 | D:2      | Reached skill level 3 in Maces & Flails
   886 | D:2      | Found a faded altar of an unknown god.
   990 | D:2      | HP: 7/33 [gnoll (7)]
   997 | D:2      | HP: 6/33 [adder (2)]
  1005 | D:2      | HP: 6/33 [adder (1)]
  1013 | D:2      | Reached XP level 4. HP: 8/40 MP: 3/3
  1027 | D:2      | HP: 9/40 [gnoll (1)]
  1059 | D:2      | HP: 10/40 [gnoll (1)]
  1063 | D:2      | HP: 1/40 [gnoll (5)]
  1083 | D:1      | HP: 2/40 [ball python (2)]
  1793 | D:1      | Reached skill level 2 in Axes
  2092 | D:2      | Noticed Sigmund
  2100 | D:2      | Killed Sigmund
  2101 | D:2      | Reached skill level 4 in Maces & Flails
  2101 | D:2      | Reached XP level 5. HP: 43/47 MP: 4/4
  2101 | D:2      | Reached XP level 6. HP: 51/55 MP: 5/5
  2452 | D:2      | Noticed Natasha
  2460 | D:2      | Killed Natasha
  2461 | D:2      | Reached skill level 3 in Axes
  2461 | D:2      | Reached skill level 5 in Shields
  2662 | D:2      | Noticed Natasha
  2669 | D:2      | Killed Natasha
  2670 | D:2      | Reached skill level 5 in Fighting
  2670 | D:2      | Reached skill level 5 in Armour
  3007 | D:2      | Noticed Natasha
  3014 | D:2      | Killed Natasha
  3080 | D:3      | Found a shadowy altar of Dithmenos.
  3116 | D:3      | Found a hazy altar of Hepliaklqana.
  3647 | D:3      | Found a snail-covered altar of Cheibriados.
  3655 | D:3      | Reached XP level 7. HP: 61/61 MP: 6/6
  4168 | D:4      | Reached skill level 4 in Axes
  4248 | D:5      | Entered Level 5 of the Dungeon
  4313 | D:5      | Found Ostran's Antique Armour Emporium.
  4360 | D:5      | Reached skill level 5 in Maces & Flails
  4470 | D:5      | Reached skill level 6 in Fighting
  4470 | D:5      | Reached skill level 6 in Armour
  4470 | D:5      | Reached skill level 6 in Shields
  4484 | D:5      | Found a glowing drain.
  4497 | Sewer    | Entered a sewer
  4545 | Sewer    | Noticed Pargi
  4553 | Sewer    | Killed Pargi
  4554 | Sewer    | Reached XP level 8. HP: 61/70 MP: 7/7
  4747 | D:5      | Reached skill level 5 in Axes
  5248 | D:6      | Reached skill level 6 in Maces & Flails
  5309 | D:6      | HP: 13/71 [orc warrior (7)]
  5311 | D:6      | Slain by an orc warrior

Vanquished Creatures
  Sigmund (D:2)
  A sky beast (D:5)
  An ice beast (D:5)
  Pargi (Sewer)
  2 ogres
  A centaur (D:5)
  A water moccasin zombie (D:3)
  2 hounds
  A gnoll shaman (D:5)
  An orc priest (D:3)
  3 iguanas
  An iron imp (D:3)
  Natasha (thrice) (D:2)
  2 orc wizards
  Robin (D:2)
  6 gnolls
  7 adders
  2 river rats (D:5)
  An ufetubus (D:4)
  An adder skeleton (D:4)
  3 worms
  2 dart slugs (D:2)
  13 orcs
  6 endoplasms
  3 giant cockroaches
  14 goblins
  12 hobgoblins
  4 jackals (D:3)
  6 quokkas
  10 ball pythons
  6 bats
  8 frilled lizards
  11 kobolds
  5 rats
142 creatures vanquished.

Table legend:
 A = Non-vault XP
 B = Vault XP
 C = Vault XP percentage of total XP
 D = Non-vault monster count
 E = Vault monster count
 F = Vault count percentage of total count
                 A         B        C        D         E       F
            +---------+---------+-------+---------+---------+-------
      Total |    1451 |     515 |  26.2 |     114 |      28 |  19.7
            +---------+---------+-------+---------+---------+-------
        D:1 |      44 |       0 |   0.0 |      28 |       0 |   0.0
        D:2 |     181 |     298 |  62.2 |      25 |      14 |  35.9
        D:3 |     198 |      39 |  16.5 |      18 |       1 |   5.3
        D:4 |     168 |       0 |   0.0 |      18 |       0 |   0.0
        D:5 |     726 |      26 |   3.5 |      19 |       2 |   9.5
        D:6 |     134 |       3 |   2.2 |       6 |       1 |  14.3
      Sewer |       0 |     149 | 100.0 |       0 |      10 | 100.0
            +---------+---------+-------+---------+---------+-------

Illustrated notes

Table legend:
 A = Kills in this place as a percentage of kills in entire the game.
 B = Kills by you in this place as a percentage of kills by you in the entire game.
 C = Kills by friends in this place as a percentage of kills by friends in the entire game.
 D = Other kills in this place as a percentage of other kills in the entire game.
 E = Experience gained in this place as a percentage of experience gained in the entire game.
 F = Experience gained in this place divided by the number of levels of this place that you have seen.
                   A       B       C       D       E      F
               +-------+-------+-------+-------+-------+----------------------
         Total | 100.0 | 100.0 |   N/A |   N/A | 100.0 | 280.9
       Dungeon |  93.0 |  93.0 |   N/A |   N/A |  92.4 | 302.8
         Sewer |   7.0 |   7.0 |   N/A |   N/A |   7.6 | 149.0
               +-------+-------+-------+-------+-------+----------------------

Table legend: (Time is in decaauts)
 A = Elapsed time spent in this place.
 B = Non-inter-level travel time spent in this place.
 C = Inter-level travel time spent in this place.
 D = Time resting spent in this place.
 E = Time spent auto-exploring this place.
 F = Levels seen in this place.
 G = Mean time per level.
                   A        B        C        D        E       F      G
               +--------+--------+--------+--------+--------+-----+--------+
         Total |   5458 |   4964 |    494 |    885 |   2909 |   7 |  779.7 |
       Dungeon |   5291 |   4797 |    494 |    885 |   2838 |   6 |  881.8 |
         Sewer |    166 |    166 |      0 |      0 |     70 |   1 |  166.0 |
               +--------+--------+--------+--------+--------+-----+--------+

Top non-repeatable levels by time:
     D:2: 1734 daAuts
     D:1: 1414 daAuts
     D:5: 779 daAuts
     D:3: 696 daAuts
     D:4: 501 daAuts
   Sewer: 166 daAuts
     D:6: 166 daAuts
